 Dungeon Crawl Stone Soup version 0.25-a0-1024-gbfbf38f2cb (webtiles) character file.

Game seed: 10514981554209842215, levelgen mode: deterministic

0 Esekla the Skirmisher (level 1, -8/18 HPs)
             Began as a Formicid Abyssal Knight on May 12, 2020.
             Was a Follower of Lugonu.
             Mangled by a thrashing horror (9 damage)
             ... on level 1 of the Abyss.
             The game lasted 00:01:51 (207 turns).

Esekla the Skirmisher (Formicid Abyssal Knight)      Turns: 207, Time: 00:01:52

Health: -8/18      AC:  3    Str: 16    XL:     1   Next: 0%
Magic:  2/2        EV: 11    Int: 11    God:    Lugonu [*.....]
Gold:   34         SH:  0    Dex: 10    Spells: 0/0 levels left

rFire    . . .     SeeInvis +   a - +1 falchion
rCold    . . .     Gourm    .   (no shield)
rNeg     . . .     Faith    .   b - +0 leather armour
rPois    .         Spirit   .   (helmet unavailable)
rElec    .         Reflect  .   (no cloak)
rCorr    .         Harm     .   (no gloves)
MR       .....                  (no boots)
Stlth    +.........             (no amulet)
HPRegen  0.06/turn              (no ring)
MPRegen  0.08/turn              (no ring)

@: no status effects
A: permanent stasis, dig shafts and tunnels, four strong arms, antennae 3
a: Dig, Shaft Self, Depart the Abyss, Renounce Religion


You were on level 1 of the Abyss.
You worshipped Lugonu.
Lugonu was aware of your devotion.
You were not hungry.

You visited 0 branches of the dungeon, and saw 0 of its levels.
You visited the Abyss 1 time.

You collected 34 gold pieces.

Inventory:

Hand Weapons
 a - a +1 falchion (weapon)
Armour
 b - a +0 leather armour (worn)
Potions
 d - a potion of cancellation {unknown}
Comestibles
 c - 4 rations


   Skills:
 + Level 3.2 Fighting
 + Level 2.0 Long Blades
 + Level 2.1 Armour
 + Level 0.8 Dodging
 + Level 2.1 Invocations


You couldn't memorise any spells.
You didn't know any spells.
Your spell library was empty.

Dungeon Overview and Level Annotations

Branches:
Dungeon (0/15)

Altars:


Innate Abilities, Weirdness & Mutations

You cannot be hasted, slowed, berserked, paralysed or teleported.
You can dig through walls and to a lower floor.
Your four strong arms can wield two-handed weapons with a shield.
You have a pair of large antennae on your head. (SInv)


Message History

* * * LOW HITPOINT WARNING * * *
A starcursed mass splits.
A guardian serpent comes into view.
A tentacle flies out from the starspawn's body!
A starspawn tentacle comes into view.
A starspawn tentacle comes into view.
The ynoxinul gestures.
The guardian serpent casts a spell.
The ufetubus blinks!
The ynoxinul blinks!
The ufetubus blinks!
The ynoxinul gestures.
The guardian serpent coils itself and performs some mystic snake dance.
The thrashing horror blinks into view!
The ufetubus blinks!
You barely miss the ufetubus.
The thrashing horror closely misses you.
The thrashing horror barely misses you.
The ufetubus splashes around in the water.
The ufetubus hits you.
* * * LOW HITPOINT WARNING * * *
The thrashing horror tramples you!
Ouch! That really hurt!
You die...

.#. ##.#...#
#.#.#.#. # ##
....#.≈#. ..#
.#.≈..#≈ ##≈#.#
#≈≈..#..##5...≈#
≈#. #≈.≈#X@5...#
....
###..535≈.#..#
≈...≈#≈≈..≈##≈≈#
..≈≈#≈.≈#§S{ ##..#
#≈#.#..≈.....#..#
.
#.≈.##.###.#.#...
# . ≈..{..#.#.....
..
.###..##{..#.###..
. # #. ##.##
.....#


You could see a thrashing horror, a guardian serpent, a ynoxinul and 4 ufetubi.

Vanquished Creatures (others)
  8 starspawn tentacles (Abyss:1)
8 creatures vanquished.

Notes
Turn   | Place    | Note
-------+----------+-------------------------------------------
     0 | Abyss:1  | Esekla the Formicid Abyssal Knight began the quest for the
                  | Orb.
     0 | Abyss:1  | Reached XP level 1. HP: 18/18 MP: 2/2
    99 | Abyss:1  | Noticed a large abomination
   106 | Abyss:1  | Noticed a ynoxinul
   143 | Abyss:1  | Noticed a tentacled starspawn
   192 | Abyss:1  | Noticed a starcursed mass
   192 | Abyss:1  | Noticed a thrashing horror
   197 | Abyss:1  | Noticed a guardian serpent
   207 | Abyss:1  | Mangled by a thrashing horror

Illustrated notes

Levels and vault maps discovered:
Abyss:1

Action                   || total
-------------------------++-------
Melee: Falchion          ||     1
Dodge: Dodged            ||     3

Table legend:
 A = Non-vault XP
 B = Vault XP
 C = Vault XP percentage of total XP
 D = Non-vault monster count
 E = Vault monster count
 F = Vault count percentage of total count
                 A         B        C        D         E       F
            +---------+---------+-------+---------+---------+-------
      Total |       0 |       0 |   N/A |       0 |       0 |  -nan
            +---------+---------+-------+---------+---------+-------
            +---------+---------+-------+---------+---------+-------
